 Dungeon Crawl Stone Soup version 0.26-a0-639-g72c4674329 (webtiles) character file.

Game seed: 16209610674568472947

(classic levelgen) 55996 EnegeticOcto the Severer (level 14, -10/141 HPs)
             Began as a Deep Dwarf Fighter on Sept 23, 2020.
             Was the Champion of Makhleb.
             Killed from afar by Nikola (30 damage)
             ... with a chain lightning
             ... on level 3 of the Snake Pit.
             The game lasted 00:10:41 (13113 turns).

EnegeticOcto the Severer (Deep Dwarf Fighter)      Turns: 13113, Time: 00:10:42

Health: -10/141    AC: 29    Str: 26    XL:     14   Next: 40%
Magic:  18/18      EV: 10    Int:  8    God:    Makhleb [******]
Gold:   694        SH: 13    Dex: 12    Spells: 13/13 levels left

rFire    . . .     SeeInvis +   a - +0 broad axe (vamp)
rCold    + . .     Faith    .   c - +0 kite shield
rNeg     + . .     Spirit   .   t - +4 plate armour {rPois}
rPois    +         Reflect  .   A - +2 hat {MR+}
rElec    .         Harm     .   K - +2 cloak {rPois}
rCorr    .         Rampage  .   m - +0 pair of gloves
MR       ++++.                  P - +2 pair of boots {Stlth+}
Stlth    ..........             (no amulet)
HPRegen  0.00/turn              o - ring of see invisible
MPRegen  0.16/turn              J - ring "Poitomno" {rC+ MR+ Slay+2 Stlth+}

@: lethally poisoned (-10 -> -10), non-regenerating, studying Fighting
A: damage resistance, heal wounds, talons 2, negative energy resistance 1, sense
surroundings 2, MP-powered wands, sturdy frame 1, no regeneration
a: Heal Wounds, Minor Destruction, Lesser Servant of Makhleb, Major Destruction,
Greater Servant of Makhleb, Renounce Religion


You were on level 3 of the Snake Pit.
You worshipped Makhleb.
Makhleb was exalted by your worship.
You visited 5 branches of the dungeon, and saw 22 of its levels.

You collected 3009 gold pieces.
You spent 2315 gold pieces at shops.

Inventory:

Hand Weapons
 a - a +0 vampiric broad axe (weapon)
 b - a +3 vorpal broad axe
Missiles
 n - 2 throwing nets (quivered)
Armour
 c - a +0 kite shield (worn)
 m - a +0 pair of gloves (worn)
 t - a +4 plate armour of poison resistance (worn)
 A - a +2 hat of magic resistance (worn)
 K - a +2 cloak of poison resistance (worn)
 P - a +2 pair of boots of stealth (worn)
Jewellery
 g - an uncursed ring of resist corrosion
 o - a ring of see invisible (left hand)
 y - an uncursed ring of ice {unknown}
 G - an uncursed ring of poison resistance {unknown}
 J - the ring "Poitomno" (right hand) {rC+ MR+ Slay+2 Stlth+}
   (You found it on level 11 of the Dungeon)

   [ring of stealth]

   It affects your accuracy and damage with ranged weapons and melee attacks
   (+2).
   It protects you from cold.
   It affects your resistance to hostile enchantments.
   It makes you more stealthy.
 O - an uncursed amulet of faith {unknown}
Wands
 i - a wand of disintegration (9)
 u - a wand of digging (16) {@v3}
 B - a wand of enslavement (10)
 E - a wand of iceblast (26) {@v2}
Scrolls
 f - 4 scrolls of fear
 h - 6 scrolls of teleportation {@r3}
 j - 7 scrolls of remove curse {@r2}
 l - a scroll of immolation {@r4}
 r - 2 scrolls of blinking
 s - 3 scrolls of magic mapping {@r5}
 H - 2 scrolls of identify {@r1}
 N - a scroll of summoning
Potions
 d - 2 potions of might {@q3}
 e - 8 potions of heal wounds {@q2}
 k - 4 potions of flight
 p - 7 potions of curing {@q1}
 q - 4 potions of degeneration
 v - a potion of mutation
 w - 3 potions of haste {@q4}
 x - 3 potions of resistance {@q6}
 z - a potion of stabbing {unknown}
 C - 5 potions of lignification {@q7}
 D - 2 potions of ambrosia
 L - a potion of berserk rage {unknown}
Books
 M - a manual of Fighting
Miscellaneous
 F - a phantom mirror
 I - a tin of tremorstones (3/3)


   Skills:
 * Level 13.2 Fighting
 * Level 15.2 Axes
 + Level 11.5 Armour
 + Level 6.3 Dodging
 + Level 10.8 Shields
 + Level 12.4 Invocations


You had 13 spell levels left.
You didn't know any spells.
Your spell library was empty.

Dungeon Overview and Level Annotations

Branches:
Dungeon (12/15)            Temple (1/1) D:4            Lair (4/6) D:8
 Shoals (0/4) Lair:2        Snake (3/4) Lair:4          Orc (2/2) D:12
    Elf (0/3) Orc:2

Altars:
Ashenzari
Cheibriados
Dithmenos
Elyvilon
Fedhas
Gozag
Hepliaklqana
Kikubaaqudgha
Makhleb
Nemelex Xobeh
Okawaru
Qazlal
Ru
Sif Muna
Trog
Uskayaw
Vehumet
Wu Jian
Xom
Yredelemnul
Zin
The Shining One
Beogh

Shops:
D:4 }*:   D:11 !   Orc:2 [([(

Annotations:
D:11 3 runed translucent doors, Iscandelvey's ghost, journeyman HuCj
Snake:3 Nikola


Innate Abilities, Weirdness & Mutations

You are resistant to damage.
You can heal yourself by infusing magical energy.
You resist negative energy. (rN+)
You passively map the area around you.
You do not regenerate.
You have razor-sharp toenails.
You expend magic power (3 MP) to strengthen your wands.
Your movements are slightly less encumbered by armour. (ER -2)


Message History

You block the naga mage's attack.
Nikola gestures wildly while chanting.
Nikola blinks!
You block the black mamba's attack.
The salamander hits you from afar with a +3 spear.
You are engulfed in flames!
You slice the black mamba!!
You feel better.
You kill the black mamba!
Makhleb accepts your kill.
You slash the naga!
You feel better.
You hit the naga mage but do no damage. The naga mage closely misses you.
You block the naga mage's attack. The naga mage grabs you.
The naga mage constricts you. You block the naga mage's attack.
You slice the naga mage!!
You feel better.
The naga mage is almost dead.
You slash the naga!
You feel better.
You kill the naga!
Makhleb accepts your kill.
The salamander hits you but does no damage.
You block the naga mage's attack. The naga mage constricts you.
The naga mage hits you but does no damage.
You closely miss the naga mage.
The naga mage is almost dead.
The naga mage hits you with a +0 flail! The naga mage constricts you.
The salamander hits you but does no damage.
You block the naga mage's attack.
You slice the naga mage!!
You kill the naga mage!
Makhleb accepts your kill.
You feel better. The salamander misses you.
The naga mage gestures at you while chanting.
You block the lance of force. The naga mage spits poison at you.
The splash of poison hits you.
You are more poisoned.
You resist. You block the salamander's attack.
The salamander hits you but does no damage.
Found 4 gold pieces.
Things that are here:
a +0 hand axe; a naga corpse You slice the salamander!!
The salamander is moderately wounded.
You hit the naga mage. You closely miss the salamander.
The naga mage spits poison at you.
The splash of poison hits you but does no damage.
You resist.
The salamander hits you but does no damage.
You block the naga mage's attack. The naga mage grabs you.
The naga mage constricts you.
The salamander hits you but does no damage.
You slash the naga mage!
The naga mage is moderately wounded.
You hit the salamander. You slash the salamander!
You block the naga mage's attack. The naga mage constricts you.
You block the salamander's attack. x2
You hit the naga mage.
The naga mage is moderately wounded.
You slash the salamander! You barely miss the salamander.
The naga mage hits you with a +0 halberd.
The naga mage constricts you. The salamander completely misses you.
You block the salamander's attack.
You slash the naga mage!
The naga mage is severely wounded.
You slash the salamander!
You hit the salamander but do no damage.
You block the naga mage's attack. The naga mage constricts you.
Nikola casts a spell.
Nikola blinks!
The salamander hits you but does no damage.
You slash the naga mage!
You kill the naga mage!
Makhleb accepts your kill.
You feel better.
You slash the salamander! x2
You block the salamander's attack. The salamander misses you.
You slash the salamander!
You kill the salamander!
Makhleb accepts your kill.
You hit the salamander. You block the salamander's attack.
You slice the salamander!!
The salamander is almost dead.
You block the salamander's attack.
You slash the salamander!
You kill the salamander!
Makhleb accepts your kill.
Nikola gestures wildly while chanting.
You hear a mighty clap of thunder!
The lightning arc hits you!!
The lightning arc hits Nikola.
The lightning arc hits you!
The lightning arc hits Nikola.
The lightning arc hits you!!
The lightning arc hits Nikola.
You hear an angry hiss.
You hear a shout!
You hear an angry hiss.
You hear a shout!
You hear an angry hiss.
Nikola points at you and mumbles some strange words.
The bolt of lightning hits you!!
You see here a +0 halberd.
Nikola mumbles some strange words.
You hear a mighty clap of thunder!
The lightning arc hits you!!
The lightning arc hits Nikola.
The lightning arc hits you!!
* * * LOW HITPOINT WARNING * * *
The lightning arc hits Nikola!
The lightning arc hits you!!
You die...

,, *
#.#+#........##
, ,
#...+...8...##
, * * ,,
#...#......## *
* * , ,
#...'.....##,,
* * * * #
#...#...### , *
, ,,
#.#...#####,
,,,, ,
.####.#))..#
,,,, *
......)))..# ,
,* ,,
,.......@.### *
* ,,
.......@.+, , +
, , $........#*
, , , ,,
.........# , ,
, ,,
,.........# , ,
, , .........#
* , ,.#########
, , , ,, , *


You could see Nikola.

Vanquished Creatures
  Gastronok (D:9)
  A naga warrior (Snake:3)
  A hydra (Lair:3)
  Harold (Lair:2)
  A centaur warrior (D:11)
  5 two-headed ogres
  A tengu warrior (D:11)
  Nergalle (Lair:2)
  A shock serpent (Snake:3)
  An unseen horror (D:11)
  2 orc knights (Orc:2)
  A necromancer (Lair:3)
  An ugly thing (D:12)
  A cyclops (D:11)
  3 salamanders (Snake:3)
  An orc sorcerer (Orc:2)
  A manticore (D:12)
  7 elephants (Lair:4)
  10 black mambas
  2 guardian serpents (Snake:3)
  Joseph (D:8)
  7 naga magi
  2 gargoyles
  2 cane toads
  4 centaur skeletons
  2 rime drakes
  A komodo dragon (Lair:4)
  A demonic crawler (Lair:2)
  A tengu conjurer (D:11)
  3 trolls
  A polar bear (Lair:2)
  A hornet (D:11)
  7 blink frogs
  12 hippogriffs
  3 shadows
  4 wraiths
  26 yaks
  3 wyverns
  Eustachio (D:5)
  5 basilisks
  5 vampire mosquitoes (Lair:4)
  Grum (D:8)
  Menkaure (D:6)
  2 insubstantial wisps (Lair:4)
  7 wargs
  2 swamp worms (Lair:2)
  4 nagas (Snake:3)
  An acid dragon (D:11)
  6 water moccasins
  13 porcupines
  A swamp drake (Lair:4)
  Duvessa (D:6)
  A black bear (D:12)
  2 ice beasts
  3 sky beasts
  An elephant zombie (Lair:3)
  2 eyes of draining
  31 orc warriors
  A necrophage (D:11)
  11 centaurs
  9 ogres
  25 wolves
  A phantom (D:4)
  5 crocodiles
  2 big kobolds
  A komodo dragon zombie (Lair:3)
  20 bullfrogs
  6 scorpions
  A wyvern skeleton (D:6)
  Dowan (D:6)
  A killer bee (D:11)
  3 troll zombies (D:12)
  8 wights (D:9)
  2 electric eels (Lair:3)
  4 howler monkeys
  5 centaur zombies
  3 hounds
  A quasit (D:9)
  A basilisk zombie (Lair:3)
  19 orc priests
  5 bullfrog zombies
  21 orc wizards
  2 bullfrog skeletons
  3 jellies
  2 gnoll shamans
  5 iguanas
  8 worker ants
  3 killer bee zombies
  5 ogre zombies (D:12)
  A hound skeleton (D:8)
  A worker ant zombie (D:5)
  9 gnolls
  10 adders
  2 shadow imps
  2 white imps (D:5)
  2 ufetubi
  An ooze (D:6)
  An adder zombie (D:5)
  A worm (D:4)
  5 leopard geckos
  69 orcs
  3 ball pythons
  3 bats
  A giant cockroach (D:5)
  3 goblins
  2 hobgoblins
  22 jackals
  10 kobolds
  3 quokkas
  4 frilled lizards
  4 goblin zombies (D:12)
  2 hobgoblin skeletons (D:12)
  4 hobgoblin zombies (D:12)
  5 orc skeletons (D:12)
  10 orc zombies (D:12)
  A quokka skeleton (D:6)
  2 rats
581 creatures vanquished.

Vanquished Creatures (collateral kills)
  An orc warlord (Orc:2)
  An orc knight (Orc:2)
  A porcupine (Lair:3)
  An electric eel (Lair:3)
  A butterfly (Lair:3)
5 creatures vanquished.

Vanquished Creatures (others)
  An elephant (Lair:4)
  A black mamba (Snake:3)
  9 fungi
  22 plants
33 creatures vanquished.

Grand Total: 619 creatures vanquished

Notes
Turn   | Place    | Note
-------+----------+-------------------------------------------
     0 | D:1      | EnegeticOcto the Deep Dwarf Fighter began the quest for the
                  | Orb.
     0 | D:1      | Reached XP level 1. HP: 20/20 MP: 1/1
   113 | D:2      | Reached XP level 2. HP: 24/27 MP: 2/2
   396 | D:3      | Reached skill level 3 in Axes
   453 | D:3      | Reached XP level 3. HP: 34/34 MP: 3/3
   480 | D:4      | Noticed an ogre
   497 | D:4      | Killed an ogre
   497 | D:4      | Reached skill level 4 in Axes
   497 | D:4      | Reached XP level 4. HP: 37/42 MP: 4/4
   503 | D:4      | Reached XP level 5. HP: 35/49 MP: 5/5
   825 | D:4      | Reached XP level 6. HP: 30/56 MP: 6/6
   916 | D:4      | Found a staircase to the Ecumenical Temple.
  1066 | D:4      | Reached skill level 5 in Axes
  1120 | Temple   | Entered the Ecumenical Temple
  1280 | Temple   | Became a worshipper of Makhleb the Destroyer
  1374 | D:4      | Found Dielono's Gadget Shoppe.
  1387 | D:4      | Found Reth's Assorted Antiques.
  1391 | D:4      | Bought a scroll labeled BAIXTES NITUPS for 26 gold pieces
  1391 | D:4      | Bought a scroll labeled CUSEGU SOIH for 26 gold pieces
  1436 | D:4      | Found Hiloekho's Book Shop.
  1550 | D:5      | Entered Level 5 of the Dungeon
  1631 | D:5      | Noticed an ice beast
  1650 | D:5      | Killed an ice beast
  1650 | D:5      | Reached skill level 1 in Invocations
  1659 | D:5      | Reached XP level 7. HP: 34/64 MP: 5/7
  1715 | D:5      | Reached skill level 5 in Armour
  1814 | D:5      | Reached skill level 5 in Shields
  1900 | D:5      | Noticed Eustachio
  1905 | D:5      | Killed Eustachio
  1905 | D:5      | Reached skill level 6 in Axes
  2031 | D:6      | Noticed Duvessa
  2031 | D:6      | Noticed Dowan
  2040 | D:6      | Killed Dowan
  2047 | D:6      | Reached XP level 8. HP: 51/73 MP: 8/8
  2053 | D:6      | Killed Duvessa
  2116 | D:6      | Reached * piety under Makhleb
  2207 | D:6      | Reached skill level 7 in Axes
  2290 | D:6      | Noticed Menkaure
  2298 | D:6      | Killed Menkaure
  2298 | D:6      | Reached skill level 5 in Fighting
  2336 | D:6      | Found a white marble altar of Elyvilon.
  2656 | D:7      | Found a stormy altar of Qazlal.
  2700 | D:7      | Found a bloodstained altar of Trog.
  2761 | D:7      | You fall into a shaft and drop 3 floors!
  2761 | D:10     | Entered Level 10 of the Dungeon
  2800 | D:10     | Reached ** piety under Makhleb
  2808 | D:10     | Noticed a hippogriff
  2815 | D:10     | Killed a hippogriff
  2815 | D:10     | Reached skill level 8 in Axes
  2837 | D:10     | Gained mutation: You passively map the area around you.
                  | [Deep Dwarf growth]
  2837 | D:10     | Reached XP level 9. HP: 42/81 MP: 9/9
  2849 | D:10     | Reached skill level 5 in Invocations
  2942 | D:10     | Noticed a gargoyle
  2961 | D:10     | Killed a gargoyle
  3063 | D:9      | Reached skill level 9 in Axes
  3180 | D:9      | Found an opulent altar of Gozag.
  3213 | D:9      | Noticed Gastronok
  3237 | D:9      | Killed Gastronok
  3237 | D:9      | Reached skill level 10 in Axes
  3237 | D:9      | Reached XP level 10. HP: 92/92 MP: 9/11
  3293 | D:8      | Found a staircase to the Lair.
  3312 | D:8      | Reached *** piety under Makhleb
  3435 | D:8      | Noticed Joseph
  3442 | D:8      | Killed Joseph
  3644 | D:8      | Noticed Grum
  3663 | D:8      | Reached skill level 11 in Axes
  3669 | D:8      | Killed Grum
  3684 | D:8      | Reached **** piety under Makhleb
  3684 | D:8      | Reached XP level 11. HP: 100/100 MP: 13/13
  4365 | D:7      | Found a hide-covered altar of Uskayaw.
  5184 | D:10     | Noticed a two-headed ogre
  5189 | D:10     | Killed a two-headed ogre
  5522 | D:11     | Found a runed translucent gate.
  5523 | D:11     | Found a runed translucent gate.
  5526 | D:11     | Found a runed translucent gate.
  5610 | D:11     | Found an opulent altar of Gozag.
  5610 | D:11     | Noticed a flayed ghost
  5611 | D:11     | Noticed Iscandelvey's ghost (journeyman HuCj)
  5621 | D:11     | Noticed a two-headed ogre
  5632 | D:11     | Killed a two-headed ogre
  5740 | D:11     | Found Ygulep's Distillery.
  5745 | D:11     | Bought a potion of haste for 170 gold pieces
  5833 | D:11     | Reached ***** piety under Makhleb
  6028 | D:11     | Noticed an unseen horror
  6028 | D:11     | Noticed a tengu warrior
  6031 | D:11     | Reached skill level 12 in Axes
  6037 | D:11     | Killed an unseen horror
  6038 | D:11     | Killed a tengu warrior
  6220 | D:11     | Reached XP level 12. HP: 110/110 MP: 14/14
  6256 | D:11     | Noticed a centaur warrior
  6270 | D:11     | Killed a centaur warrior
  6270 | D:11     | Reached skill level 10 in Invocations
  6280 | D:11     | Got a flickering turquoise ring
  6287 | D:11     | Got a shimmering buckler
  6301 | D:11     | Identified the +2 buckler of Syndicalism {Rampage rPois
                  | MP+9} (You found it on level 11 of the Dungeon)
  6302 | D:11     | Identified the ring "Poitomno" {rC+ MR+ Slay+2 Stlth+} (You
                  | found it on level 11 of the Dungeon)
  6819 | D:12     | Noticed a two-headed ogre
  6824 | D:12     | Killed a two-headed ogre
  6824 | D:12     | Reached skill level 1 in Dodging
  6907 | D:12     | Found a staircase to the Orcish Mines.
  6910 | D:12     | Reached skill level 13 in Axes
  6947 | D:12     | Noticed a two-headed ogre
  6955 | D:12     | Killed a two-headed ogre
  6955 | D:12     | Reached skill level 10 in Armour
  7269 | D:12     | Noticed a two-headed ogre
  7277 | D:12     | Killed a two-headed ogre
  7622 | Orc:1    | Entered Level 1 of the Orcish Mines
  7638 | Orc:1    | Found a roughly hewn altar of Beogh.
  7701 | Orc:1    | Reached ****** piety under Makhleb
  7703 | Orc:1    | Reached skill level 10 in Fighting
  8024 | Orc:2    | Entered Level 2 of the Orcish Mines
  8250 | Orc:2    | Found a roughly hewn altar of Beogh.
  8298 | Orc:2    | Noticed an orc warlord
  8343 | Orc:2    | Killed an orc warlord
  8343 | Orc:2    | Reached XP level 13. HP: 112/124 MP: 16/16
  8424 | Orc:2    | Found Lorau's Antique Weapon Shoppe.
  8425 | Orc:2    | Found a roughly hewn altar of Beogh.
  8426 | Orc:2    | Found Wutrun's Antique Armour Emporium.
  8558 | Orc:2    | Found a staircase to the Elven Halls.
  8756 | Orc:2    | Found a roughly hewn altar of Beogh.
  8761 | Orc:2    | Found Reggaw's Antique Weapon Boutique.
  8784 | Orc:2    | Bought a glowing broad axe for 259 gold pieces
  8821 | Orc:2    | Found a roughly hewn altar of Beogh.
  8839 | Orc:2    | Found Yliaq's Armour Emporium.
  8844 | Orc:2    | Bought a +2 cloak of poison resistance for 333 gold pieces
  9082 | Lair:1   | Entered Level 1 of the Lair of Beasts
  9115 | Lair:1   | Reached skill level 14 in Axes
  9522 | Orc:2    | Bought a shiny plate armour for 728 gold pieces
  9929 | Lair:2   | Found a staircase to the Shoals.
 10068 | Lair:2   | Noticed Harold
 10077 | Lair:2   | Killed Harold
 10077 | Lair:2   | Reached skill level 10 in Shields
 10295 | Lair:2   | Noticed Nergalle
 10314 | Lair:2   | Killed Nergalle
 10366 | Lair:2   | Reached skill level 5 in Dodging
 11455 | Lair:3   | Identified a scroll of acquirement
 11455 | Lair:3   | Acquired 1070 gold pieces
 11571 | Lair:4   | Gained mutation: You resist negative energy. (rN+) [Deep
                  | Dwarf growth]
 11571 | Lair:4   | Reached XP level 14. HP: 139/139 MP: 18/18
 11742 | Lair:4   | Found a staircase to the Snake Pit.
 12509 | D:4      | Bought a pair of glowing boots for 195 gold pieces
 12670 | D:11     | Bought a potion of resistance for 170 gold pieces
 12670 | D:11     | Bought a potion of mutation for 136 gold pieces
 12670 | D:11     | Bought a potion of mutation for 136 gold pieces
 12670 | D:11     | Bought a potion of mutation for 136 gold pieces
 12670 | D:11     | Gained mutation: You are occasionally teleported next to
                  | monsters. [potion of mutation]
 12670 | D:11     | Gained mutation: You can translocate small distances at
                  | will. [potion of mutation]
 12671 | D:11     | Lost mutation: You can translocate small distances at will.
                  | [potion of mutation]
 12671 | D:11     | Lost mutation: You are occasionally teleported next to
                  | monsters. [potion of mutation]
 12671 | D:11     | Gained mutation: Your body sometimes deteriorates upon
                  | taking damage. [potion of mutation]
 12671 | D:11     | Gained mutation: You expend magic power (3 MP) to
                  | strengthen your wands. [potion of mutation]
 12671 | D:11     | Gained mutation: You have a somewhat thin skeletal
                  | structure. (Dex +2, Stealth) [potion of mutation]
 12671 | D:11     | Gained mutation: You have a pair of small horns on your
                  | head. [potion of mutation]
 12672 | D:11     | Lost mutation: You have a somewhat thin skeletal structure.
                  | (Dex +2, Stealth) [potion of mutation]
 12672 | D:11     | Lost mutation: Your body sometimes deteriorates upon taking
                  | damage. [potion of mutation]
 12672 | D:11     | Gained mutation: You have sharp toenails. [potion of
                  | mutation]
 12672 | D:11     | Gained mutation: Scrolls take you a little longer to read.
                  | [potion of mutation]
 12672 | D:11     | Gained mutation: You have razor-sharp toenails. [potion of
                  | mutation]
 12673 | D:11     | Lost mutation: Scrolls take you a little longer to read.
                  | [potion of mutation]
 12673 | D:11     | Lost mutation: You have a pair of small horns on your head.
                  | [potion of mutation]
 12673 | D:11     | Lost mutation: You expend magic power (3 MP) to strengthen
                  | your wands. [potion of mutation]
 12673 | D:11     | Gained mutation: Your movements are slightly less
                  | encumbered by armour. (ER -2) [potion of mutation]
 12673 | D:11     | Gained mutation: You expend magic power (3 MP) to
                  | strengthen your wands. [potion of mutation]
 12674 | D:11     | Acquired a +0 vampiric broad axe
 12817 | Snake:1  | Entered Level 1 of the Snake Pit
 12985 | Snake:2  | Reached skill level 15 in Axes
 13084 | Snake:3  | Noticed Nikola
 13113 | Snake:3  | Killed from afar by Nikola

Illustrated notes

Levels and vault maps discovered:
D:1:      grunt_arrival_lava_bath, layout_basic
D:2:      layout_basic, roderic_roman_lattice
D:3:      layout_basic, gammafunk_ghost_nasty_kobolds, minmay_cut_off
D:4:      layout_gridville, minmay_temple_entry_enclosed_plants, serial_shops,
          shop, shop, shop, st_stairs_13
D:5:      layout_rooms, uniq_eustachio
D:6:      layout_rooms, kennysheep_mini_moat, kennysheep_dice, uniq_duvessa,
          uniq_menkaure
D:7:      layout_loops_ring, nicolae_qazlal_general_emergency,
          kennysheep_little_box, bloody_trog
D:8:      layout_loops_ring, erik_lair_orcish_takeover, uniq_grum, uniq_joseph
D:9:      layout_basic, grunt_gozag_breadcrumbs, grunt_ministairs_5,
          hangedman_abyss_or_decor_slice, uniq_gastronok
D:10:     layout_irregular_city
D:11:     minmay_the_grid_octo_tiled_squarecenter [minmay_the_grid_octo_teeth,
          minmay_the_grid_octo_toaster, minmay_the_grid_octo_pinwheel,
          minmay_the_grid_octo_clover,
          minmay_the_grid_square_5x5_megaprize_checkered,
          minmay_the_grid_square_5x5_eight, minmay_the_grid_square_5x5_fat_x,
          minmay_the_grid_square_5x5_half_checkered,
          minmay_the_grid_square_5x5_inner_i], layout_basic, serial_shops, shop,
          ebering_ghost_gozag, minmay_checkerbox
D:12:     layout_loops_ring, zombieorc2_lemuel
Temple:   dpeg_five_rooms_temple
Lair:1:   layout_regular_city
Lair:2:   layout_layer_cave, elwin_shoals_entry_rocks, worms_lemuel,
          grunt_megastairs_1, uniq_harold, uniq_nergalle
Lair:3:   pond_and_an_island_with_a_cottage, layout_chaotic_city,
          chequers_serial_rivers_room_a, nicolae_quartered_pool_super,
          beast_lair_carwin_8, lemuel_fruit_fields
Lair:4:   layout_regular_city, dummy_snake_entry, pond
Snake:1:  layout_onion, ebering_ghost_inner_flame, uniq_aizul
Snake:2:  cheibrodos_forgotten_conduit, layout_basic, st_stairs_11,
          minmay_snake_pond, lemuel_fruit_tree, uniq_frances, uniq_saint_roka
Snake:3:  layout_basic, portal_ice_cave_entry_pillars_1, st_stairs_9,
          hangedman_snake_wide_pillar_pass, nrook_guardian_serpent_double,
          grunt_megastairs_3, uniq_nikola
Orc:1:    layout_caves, basic_altar
Orc:2:    grunt_orc_community_town_hall, layout_diamond_mine,
          grunt_orc_community_big_house_2, grunt_orc_community_big_house_2,
          grunt_orc_community_house_3, grunt_orc_community_house_2,
          grunt_orc_community_house_3, grunt_orc_community_house_3

Skill      XL: |  1  2  3  4  5  6  7  8  9 10 11 12 13 14 |
---------------+-------------------------------------------+-----
Axes           | 3 4 5 6 8 10 11 12 13 14 15 | 15.2
Fighting       | 3 4 5 6 7 8 10 12 13 | 13.2
Armour         | 4 5 6 7 8 9 10 11 | 11.5
Shields        | 4 5 6 7 8 9 10 | 10.8
Invocations    | 1 3 4 7 8 9 11 12 | 12.4
Dodging        | 3 5 6 |  6.3

Action                   |  1- 3 |  4- 6 |  7- 9 | 10-12 | 13-15 || total
-------------------------+-------+-------+-------+-------+-------++-------
Melee: War axe           |    82 |    95 |     7 |       |       ||   184
       Broad axe         |       |       |   234 |   745 |   591 ||  1570
Invok: Lesser Servant of |       |       |       |     5 |     1 ||     6
 Abil: Heal Wounds       |     4 |     4 |    16 |     6 |     1 ||    31
Evoke: Tin of tremorston |       |       |       |     3 |       ||     3
  Use: Scroll            |       |     6 |       |    14 |     4 ||    24
       Potion            |       |       |       |       |     4 ||     4
Armor: Scale mail        |    44 |    29 |    56 |       |       ||   129
       Plate armour      |       |       |    70 |   389 |   329 ||   788
Dodge: Dodged            |    41 |    29 |    86 |   181 |   191 ||   528
Block: Kite shield       |    47 |    59 |   158 |   301 |   348 ||   913
       Buckler           |       |       |       |    98 |    29 ||   127

Table legend: (Time is in decaauts)
 A = Elapsed time spent in this place.
 B = Non-inter-level travel time spent in this place.
 C = Inter-level travel time spent in this place.
 D = Time resting spent in this place.
 E = Time spent auto-exploring this place.
 F = Levels seen in this place.
 G = Mean time per level.
                   A        B        C        D        E       F      G
               +--------+--------+--------+--------+--------+-----+--------+
         Total |  13251 |  11554 |   1697 |      0 |   8483 |  22 |  602.3 |
       Dungeon |   8188 |   7062 |   1126 |      0 |   5077 |  12 |  682.3 |
        Temple |    189 |    161 |     28 |      0 |    158 |   1 |  189.0 |
          Lair |   3117 |   2815 |    302 |      0 |   2269 |   4 |  779.2 |
     Snake Pit |    281 |    262 |     19 |      0 |    100 |   3 |   93.7 |
  Orcish Mines |   1474 |   1255 |    219 |      0 |    879 |   2 |  737.0 |
               +--------+--------+--------+--------+--------+-----+--------+

Top non-repeatable levels by time:
    D:11: 1496 daAuts
  Lair:2: 1155 daAuts
   Orc:2: 1031 daAuts
     D:4: 1018 daAuts
  Lair:4: 893 daAuts
     D:8: 889 daAuts
    D:12: 866 daAuts
     D:9: 774 daAuts
  Lair:3: 758 daAuts
    D:10: 757 daAuts
     D:7: 697 daAuts
     D:6: 678 daAuts
     D:5: 523 daAuts
   Orc:1: 443 daAuts
  Lair:1: 309 daAuts
